 Dungeon Crawl Stone Soup version 0.20.1-1-g8b1a95d (console) character file.

228427 archego the Covert (level 19, -3/126 HPs)
             Began as a Halfling Skald on July 11, 2017.
             Was the Champion of Okawaru.
             Splashed by an acid blob's acid (8 damage)
             ... on level 5 of the Pits of Slime on July 12, 2017.
             The game lasted 04:26:25 (27897 turns).

archego the Covert (Halfling Skald)                Turns: 27897, Time: 04:26:26

Health: -3/126     AC:  5    Str: 10    XL:     19   Next: 68%
Magic:  31/32      EV: 28    Int: 19    God:    Okawaru [******]
Gold:   1568       SH: 15    Dex: 21    Spells: 14/36 levels left

rFire    . . .     SeeInvis .   a - +11 short sword {pierce, Str-4 Dex+4}
rCold    . . .     Gourm    .   G - +0 shield of Inigach {MR+}
rNeg     + . .     Faith    .   X - +3 troll leather armour {Snorg}
rPois    +         Spirit   .   B - +1 helmet {Int+3}
rElec    .         Reflect  .   k - +2 ratskin cloak {+Rats rPois rN+ Str-1 Int-1 Dex+1}
rCorr    .         Harm     .   s - +2 pair of gloves {Str+3}
MR       ++...                  Q - +1 pair of boots {run}
Stlth    +++++++...             A - amulet of magic regeneration
Regen    0.8/turn               v - ring of flight
MPRegen  0.4/turn               g - +3 ring of protection

@: about to teleport, heroism, infused, corroded, quick
A: hooves 1, mutation resistance 1
}: 2/15 runes: decaying, gossamer
a: Heroism, Finesse, Renounce Religion, Evoke Ratskin, Evoke Flight


You were on level 5 of the Pits of Slime.
You worshipped Okawaru.
Okawaru was exalted by your worship.
You were not hungry.

You visited 7 branches of the dungeon, and saw 37 of its levels.
You visited the Abyss 1 time.
You also visited: Labyrinth, Bailey and Ice Cave.

You collected 3404 gold pieces.
You spent 1836 gold pieces at shops.

Inventory:

Hand Weapons
 a - the +11 short sword "Jiru" (weapon) {pierce, Str-4 Dex+4}
   (You found it on level 4 of the Dungeon)

   It inflicts extra damage upon your enemies.
   It affects your strength (-4).
   It affects your dexterity (+4).
 b - a +5 blowgun
 c - a +6 demon blade of electrocution
Missiles
 D - 5 curare-tipped needles
 H - 241 sling bullets
 M - 7 needles of confusion
 S - 12 needles of sleeping
 T - 34 tomahawks of returning (quivered)
 V - 4 steel tomahawks
 Y - a throwing net
Armour
 k - the +2 ratskin cloak (worn) {+Rats rPois rN+ Str-1 Int-1 Dex+1}
   (You acquired it in a labyrinth)

   It affects your strength (-1).
   It affects your intelligence (-1).
   It affects your dexterity (+1).
   It protects you from poison.
   It protects you from negative energy.
 s - a +2 pair of gloves of strength (worn)
 B - a +1 helmet of intelligence (worn)
 G - the +0 shield of Inigach (worn) {MR+}
   (Okawaru gifted it to you on level 2 of the Orcish Mines)

   It affects your resistance to hostile enchantments.
 Q - a +1 pair of boots of running (worn)
 X - a +3 troll leather armour (worn) {Snorg}
Jewellery
 g - a +3 ring of protection (right hand)
 p - the ring of Seheqer {MR+ Str+2 Int+4 SInv}
   (You found it on level 2 of the Swamp)

   [ring of protection from magic]

   It affects your strength (+2).
   It affects your intelligence (+4).
   It affects your resistance to hostile enchantments.
   It lets you see invisible.
 q - an uncursed ring of protection from cold
 v - a ring of flight (left hand)
 x - an uncursed ring of fire
 y - a +3 ring of evasion
 A - an amulet of magic regeneration (around neck)
 L - an uncursed ring of wizardry
Wands
 K - a wand of clouds (1/9)
 O - a wand of digging (7/24)
 R - a wand of scattershot (3/9)
Scrolls
 f - 8 scrolls of magic mapping
 i - 8 scrolls of teleportation
 m - 11 scrolls of identify
 n - 4 scrolls of remove curse
 t - 2 scrolls of silence
 u - a scroll of blinking
 w - 3 scrolls of fog
 C - 6 scrolls of recharging
 U - a scroll of fear
 W - 2 scrolls of immolation
 Z - a scroll of holy word
Potions
 d - a potion of agility
 h - 5 potions of curing
 j - 3 potions of heal wounds
 r - 2 potions of brilliance
 z - 2 potions of ambrosia
 E - 4 potions of haste
 F - 2 potions of cancellation
 N - 2 potions of resistance
 P - a potion of might
Miscellaneous
 o - a fan of gales
 I - a lightning rod (4/4)
Comestibles
 e - 11 bread rations
 l - 15 meat rations
 J - 11 fruits


   Skills:
 - Level 10.0(15.0) Fighting
 - Level 12.0(18.5) Short Blades
 + Level 9.2(16.1) Long Blades
 - Level 10.0(15.0) Throwing
 - Level 10.0(15.0) Armour
 - Level 10.0(15.0) Dodging
 + Level 14.5(19.5) Stealth
 - Level 12.0(17.0) Shields
 - Level 9.0 Spellcasting
 - Level 10.0 Charms
 - Level 5.0 Necromancy
 - Level 5.0 Translocations
 - Level 5.0 Invocations
 - Level 10.0 Evocations


You had 14 spell levels left.
You knew the following spells:

 Your Spells              Type           Power        Failure   Level  Hunger
a - Infusion              Chrm           ####         1%          1    None
b - Spectral Weapon       Hex/Chrm       ####....     5%          3    None
x - Shroud of Golubria    Chrm/Tloc      #####.....   1%          2    None
z - Regeneration          Chrm/Necr      #####.....   1%          3    None
A - Apportation           Tloc           ####..       1%          1    None
I - Invisibility          Hex            #.......     100%        6    ######.
P - Portal Projectile     Hex/Tloc       ###...       16%         3    None
S - Summon Butterflies    Summ           #.......     14%         1    None
X - Song of Slaying       Chrm           #####...     1%          2    None


Dungeon Overview and Level Annotations

Branches:
Dungeon (15/15)            Temple (1/1) D:6            Lair (6/6) D:9
  Swamp (4/4) Lair:4       Spider (4/4) Lair:4        Slime (5/5) Lair:6
    Orc (2/2) D:12            Elf (0/3) Orc:2        Vaults (0/5) D:13
 Depths: D:15

Altars:
Ashenzari
Cheibriados
Dithmenos
Elyvilon
Fedhas
Gozag
Hepliaklqana
Kikubaaqudgha
Makhleb
Nemelex Xobeh
Okawaru
Qazlal
Ru
Sif Muna
Trog
Uskayaw
Vehumet
Xom
Yredelemnul
Zin
The Shining One
Beogh

Shops:
D:5 !   D:12 *   Orc:2 [!=?[

Annotations:
Lair:5 exclusion: oklob plant
Spider:4 loom's ghost, adept MiGl


Innate Abilities, Weirdness & Mutations

You are small and have problems with some larger weapons.
You are somewhat resistant to further mutation.
You have large cloven feet.


Message History

Unknown command.
Unknown command.
Unknown command.
Unknown command.
As you read the scroll of teleportation, it crumbles to dust.
You feel strangely unstable.
The acid blob is engulfed in freezing vapours.
The acid blob spits acid at you. The splash of acid hits you!
* * * LOW HITPOINT WARNING * * *
The acid corrodes you!
You are splashed with acid!
The acid burns!
* * * LOW HITPOINT WARNING * * *
Unknown command.
Unknown command.
The acid blob is engulfed in freezing vapours.
The acid blob spits acid at you. The splash of acid hits you!
* * * LOW HITPOINT WARNING * * *
The acid corrodes you!
You are splashed with acid!
The acid burns!
You die...

,,*.###.##.................,,,,,*
,,,........................,,***,
,,,......J.................,,,***
,,,.........G§§§§..........****
,,,.........§§§§§..........*
,,,..........§§§.........#**
,,,..........§§§...<..####
,,,...........§......##
,,,............J@.....#
,,,..................##
,,,..................#
,,,.................##
,,,...............###
,,,............####
*,,..########### **,.,* *****


You could see 2 acid blobs and a great orb of eyes.

Vanquished Creatures
  the Lernaean hydra (Swamp:4)
  Arachne (Spider:3)
  Asterion (Spider:3)
  2 acid blobs
  2 tentacled starspawn (Abyss:2)
  A thorn hunter (Abyss:2)
  Agnes (Spider:4)
  An azure jelly (Abyss:2)
  A frost giant (IceCv)
  4 emperor scorpions (Spider:4)
  7 ghost moths
  An orc warlord (Orc:2)
  4 entropy weavers
  5 dire elephants (Lair:6)
  2 spark wasps
  An ettin (D:14)
  Snorg (Lair:4)
  A minotaur (Lab)
  A great orb of eyes (Slime:5)
  A fire dragon (D:13)
  A vault guard (D:13)
  24 hydras
  2 ghost crabs
  Erica (D:8)
  An anaconda (Lair:6)
  A centaur warrior (D:14)
  7 two-headed ogres
  5 alligators
  A tengu warrior (D:14)
  A catoblepas (D:14)
  6 death yaks (Lair:6)
  10 orc high priests (Orc:2)
  5 spriggans
  An iron troll (D:13)
  A shadow wraith (Abyss:2)
  An unseen horror (D:11)
  A sixfirhy (Abyss:2)
  13 swamp dragons
  3 spriggan druids
  5 shambling mangroves
  Pikel (D:4)
  A wizard (D:14)
  20 orb spiders
  2 orc sorcerers
  23 wolf spiders
  A deep elf mage (Abyss:2)
  A manticore (D:12)
  25 ugly things
  3 cyclopes
  A centaur zombie (D:15)
  2 moths of wrath
  5 black mambas
  Maurice (D:9)
  7 elephants
  An orange demon (D:14)
  Joseph (D:8)
  2 smoke demons (Abyss:2)
  15 demonic crawlers
  19 spiny frogs
  2 ice devils (Lair:4)
  6 komodo dragons
  A kobold demonologist (D:14)
  A tengu conjurer (D:11)
  7 trolls
  6 tyrant leeches
  14 polar bears
  25 jumping spiders
  3 meliai (Spider:1)
  Prince Ribbit (D:5)
  21 hornets
  9 blink frogs
  32 slime creatures
  7 hippogriffs
  17 bog bodies
  Sigmund (D:2)
  53 redbacks
  29 tarantellas
  3 water elementals (D:11)
  2 wyverns
  2 shadows
  3 wraiths
  44 yaks
  8 basilisks
  A golden eye (Abyss:2)
  6 hungry ghosts
  Grum (D:8)
  A small abomination (Abyss:2)
  A fire elemental (D:14)
  20 vampire mosquitoes
  4 insubstantial wisps (Swamp:4)
  5 wargs
  10 water moccasins
  2 soldier ants
  21 swamp worms
  2 porcupines
  3 ice beasts
  8 swamp drakes
  A hornet zombie (D:8)
  2 sky beasts
  12 orc warriors
  3 black bears
  2 phantoms
  A slave (D:4)
  8 ogres
  13 wolves
  2 eyes of draining (D:14)
  A necrophage (D:11)
  A centaur (D:5)
  10 crocodiles
  5 big kobolds
  A gnoll sergeant (D:8)
  12 bullfrogs
  A wyvern skeleton (D:14)
  2 scorpions
  5 killer bees (D:8)
  2 spriggan skeletons (Lab)
  5 wights (D:13)
  A troll skeleton (Lab)
  4 electric eels
  6 howler monkeys
  5 crimson imps
  2 quasits
  2 bullfrog zombies
  4 hounds
  25 orc priests
  13 jellies
  9 orc wizards
  A bullfrog skeleton (D:5)
  5 centaur skeletons
  A gnoll shaman (D:7)
  5 iguanas
  9 worker ants
  2 hound skeletons
  Robin (D:2)
  17 gnolls
  14 adders
  4 shadow imps
  15 oozes
  3 adder skeletons
  2 adder zombies
  4 worms
  2 dart slugs
  3 leopard geckos
  61 orcs
  A ball python (D:3)
  10 giant cockroaches
  18 goblins
  7 hobgoblins
  17 jackals
  43 kobolds
  6 quokkas
  4 bats
  2 frilled lizards
  A leopard gecko skeleton (D:8)
  A quokka skeleton (D:5)
  3 rats
  A butterfly (Lair:4)
  2 plants (Lair:6)
1067 creatures vanquished.

Vanquished Creatures (collateral kills)
  A shambling mangrove (Swamp:2)
  A vampire mosquito (Swamp:2)
2 creatures vanquished.

Vanquished Creatures (others)
  An ugly thing (Swamp:4)
  A centaur skeleton (D:14)
  A jumping spider (Spider:2)
  A bog body (Swamp:4)
  An electric eel (D:14)
  20 fungi
  11 plants
  4 spectral weapons
  5 starspawn tentacles (Abyss:2)
45 creatures vanquished.

Grand Total: 1114 creatures vanquished

Notes
Turn   | Place    | Note
-------+----------+-------------------------------------------
     0 | D:1      | archego the Halfling Skald began the quest for the Orb.
     0 | D:1      | Reached XP level 1. HP: 14/14 MP: 3/3
   183 | D:1      | Reached XP level 2. HP: 19/19 MP: 0/4
   251 | D:1      | Reached skill level 1 in Stealth
   391 | D:1      | Reached XP level 3. HP: 22/24 MP: 1/5
   411 | D:2      | Noticed a dagger
   411 | D:2      | Noticed a hand axe
   412 | D:2      | Found a hide-covered altar of Uskayaw.
   506 | D:2      | Reached XP level 4. HP: 22/29 MP: 0/6
   601 | D:2      | Learned a level 2 spell: Song of Slaying
   869 | D:2      | Reached skill level 2 in Stealth
   936 | D:2      | Noticed Robin
  1029 | D:2      | Reached XP level 5. HP: 22/34 MP: 1/7
  1287 | D:2      | Killed Robin
  1373 | D:2      | Noticed Sigmund
  1573 | D:3      | Reached XP level 6. HP: 36/39 MP: 0/8
  2025 | D:2      | Found a snail-covered altar of Cheibriados.
  2228 | D:2      | Killed Sigmund
  2228 | D:2      | Reached skill level 1 in Throwing
  2228 | D:2      | Reached skill level 3 in Stealth
  2228 | D:2      | Reached skill level 5 in Charms
  2228 | D:2      | Reached XP level 7. HP: 42/44 MP: 0/9
  2286 | D:4      | Learned a level 3 spell: Regeneration
  2702 | D:4      | Got a bloodstained short sword
  2703 | D:4      | Identified the +11 short sword "Jiru" {pierce, Str-4 Dex+4} (You found it on level 4 of the Dungeon)
  2776 | D:4      | Noticed Pikel
  2893 | D:4      | Killed Pikel
  2893 | D:4      | Reached skill level 5 in Short Blades
  2893 | D:4      | Reached skill level 5 in Dodging
  2893 | D:4      | Reached skill level 4 in Stealth
  2893 | D:4      | Reached skill level 1 in Necromancy
  2893 | D:4      | Reached skill level 1 in Evocations
  2893 | D:4      | Reached XP level 8. HP: 29/49 MP: 8/10
  3051 | D:5      | Entered Level 5 of the Dungeon
  3365 | D:5      | Found a shimmering altar of Xom.
  3425 | D:5      | Noticed Prince Ribbit
  3449 | D:5      | Killed Prince Ribbit
  3449 | D:5      | Reached skill level 5 in Stealth
  3449 | D:5      | Reached XP level 9. HP: 54/54 MP: 8/11
  3571 | D:5      | Found Myoronne's Distillery.
  3618 | D:5      | Bought a potion of degeneration for 14 gold pieces
  3618 | D:5      | Bought a potion of lignification for 42 gold pieces
  3618 | D:5      | Bought a potion of berserk rage for 70 gold pieces
  3723 | D:6      | Found a snail-covered altar of Cheibriados.
  3749 | D:6      | Found a shadowy altar of Dithmenos.
  3757 | D:6      | Learned a level 2 spell: Shroud of Golubria
  3942 | D:6      | Found an ancient bone altar of Kikubaaqudgha.
  3944 | D:6      | Found a deep blue altar of Sif Muna.
  3947 | D:6      | Found a bloodstained altar of Trog.
  4266 | D:6      | Found a staircase to the Ecumenical Temple.
  4320 | Temple   | Entered the Ecumenical Temple
  4372 | Temple   | Learned a level 3 spell: Spectral Weapon
  4451 | D:7      | Reached skill level 1 in Translocations
  4564 | D:7      | Reached skill level 6 in Stealth
  4972 | D:7      | Noticed a hippogriff
  5008 | D:7      | Killed a hippogriff
  5008 | D:7      | Reached XP level 10. HP: 53/60 MP: 11/13
  5212 | D:8      | Noticed Joseph
  5216 | D:8      | Noticed Erica
  5241 | D:8      | Killed Erica
  5250 | D:8      | Killed Joseph
  5338 | D:8      | Found a hazy altar of Hepliaklqana.
  5400 | D:8      | Reached skill level 5 in Throwing
  5560 | D:8      | Found a shattered altar of Ashenzari.
  5560 | D:8      | Found an iron altar of Okawaru.
  5564 | D:8      | Became a worshipper of Warmaster Okawaru
  5612 | D:8      | Noticed Grum
  5651 | D:8      | Killed Grum
  5846 | D:9      | Reached * piety under Okawaru
  5846 | D:9      | Reached skill level 7 in Stealth
  5851 | D:9      | Reached skill level 5 in Evocations
  5862 | D:9      | Reached XP level 11. HP: 56/64 MP: 0/14
  5898 | D:9      | Noticed a two-headed ogre
  6024 | D:9      | Killed a two-headed ogre
  6269 | D:9      | Found a staircase to the Lair.
  6406 | D:10     | Entered Level 10 of the Dungeon
  6445 | D:10     | Noticed Maurice
  6511 | D:9      | Killed Maurice
  6632 | D:10     | Reached ** piety under Okawaru
  6883 | D:11     | Found a flagged portal.
  6902 | Bailey   | Entered a bailey
  7181 | Bailey   | Found a bloodstained altar of Trog.
  7290 | Bailey   | Identified a scroll of acquirement
  7393 | D:11     | Noticed a two-headed ogre
  7442 | D:11     | Killed a two-headed ogre
  7587 | D:11     | Reached *** piety under Okawaru
  7587 | D:11     | Reached skill level 8 in Stealth
  7648 | D:11     | Reached skill level 5 in Translocations
  7853 | D:11     | Reached skill level 1 in Shields
  7873 | D:11     | Killed an unseen horror
  7986 | D:11     | Received a gift from Okawaru
  8053 | D:11     | Reached XP level 12. HP: 63/70 MP: 16/16
  8286 | D:12     | Found a staircase to the Orcish Mines.
  8355 | D:12     | Reached skill level 5 in Necromancy
  8616 | D:12     | Reached **** piety under Okawaru
  8667 | D:12     | Received a gift from Okawaru
  8977 | D:12     | Found Rale's General Store.
  9013 | D:12     | Reached skill level 9 in Stealth
  9018 | D:12     | Bought a scroll of teleportation for 39 gold pieces
  9018 | D:12     | Bought 7 needles of sleeping for 45 gold pieces
  9018 | D:12     | Bought a throwing net for 39 gold pieces
  9089 | Orc:1    | Entered Level 1 of the Orcish Mines
  9337 | Orc:1    | Noticed a two-headed ogre
  9344 | Orc:1    | Killed a two-headed ogre
  9344 | Orc:1    | Reached ***** piety under Okawaru
  9508 | Orc:2    | Entered Level 2 of the Orcish Mines
  9508 | Orc:2    | Noticed a two-headed ogre
  9513 | Orc:2    | Killed a two-headed ogre
  9611 | Orc:2    | Found a radiant altar of Vehumet.
  9616 | Orc:2    | Found Wauqazy's Armour Shop.
  9676 | Orc:2    | Found a staircase to the Elven Halls.
 10006 | Orc:2    | Noticed an orc warlord
 10043 | Orc:2    | Received a gift from Okawaru
 10082 | Orc:2    | Killed an orc warlord
 10082 | Orc:2    | Reached skill level 10 in Short Blades
 10082 | Orc:2    | Reached XP level 13. HP: 41/77 MP: 5/18
 10107 | Orc:2    | Got an ancient shield {god gift}
 10215 | Orc:2    | Identified the +0 shield of Inigach {MR+} (Okawaru gifted it to you on level 2 of the Orcish Mines)
 10823 | Orc:2    | Found Gyadi's Armour Shoppe.
 10823 | Orc:2    | Found Korar's Magic Scroll Shop.
 10924 | Orc:2    | Found Xublyvin's Jewellery Shoppe.
 10924 | Orc:2    | Found Pianobro's Distillery.
 10933 | Orc:2    | Reached skill level 5 in Shields
 10972 | Orc:2    | Found a roughly hewn altar of Beogh.
 10983 | Orc:2    | Reached skill level 10 in Stealth
 11016 | Orc:2    | Bought a scroll of identify for 26 gold pieces
 11266 | D:13     | Noticed an eight-headed hydra
 11271 | D:13     | Killed an eight-headed hydra
 11331 | D:13     | Found a shimmering altar of Xom.
 11356 | D:13     | You fall through a shaft for 2 floors!
 11356 | D:15     | Entered Level 15 of the Dungeon
 11568 | D:14     | Received a gift from Okawaru
 11568 | D:14     | Reached skill level 10 in Charms
 11582 | D:14     | Got a pitted quarterstaff {god gift}
 11620 | D:14     | Reached skill level 1 in Invocations
 11628 | D:14     | Reached skill level 10 in Dodging
 11668 | D:14     | Identified the +8 quarterstaff "Migixzo" {elec, rPois MR+} (Okawaru gifted it to you on level 14 of the Dungeon)
 11710 | D:14     | Noticed a catoblepas
 11742 | D:14     | Killed a catoblepas
 11795 | D:14     | Noticed a centaur warrior
 11826 | D:14     | Killed a centaur warrior
 11826 | D:14     | Reached skill level 5 in Fighting
 11853 | D:14     | Reached XP level 14. HP: 80/88 MP: 5/20
 12106 | D:14     | Received a gift from Okawaru
 12326 | D:14     | Cast into level 2 of the Abyss (a wizard)
 12372 | Abyss:2  | Found a bloodstained altar of Trog.
 12383 | Abyss:2  | Found a bloodstained altar of Trog.
 12445 | Abyss:2  | Noticed a tentacled starspawn
 12459 | Abyss:2  | Killed a tentacled starspawn
 12510 | Abyss:2  | Noticed a starcursed mass
 12565 | Abyss:2  | Noticed a thorn hunter
 12587 | Abyss:2  | Killed a thorn hunter
 12630 | Abyss:2  | Noticed an azure jelly
 12651 | Abyss:2  | Noticed a tentacled starspawn
 12657 | Abyss:2  | Killed an azure jelly
 12664 | Abyss:2  | Killed a tentacled starspawn
 12664 | Abyss:2  | Received a gift from Okawaru
 12671 | Abyss:2  | Noticed a bone dragon
 12690 | Abyss:2  | Noticed an Executioner
 12767 | Abyss:2  | Reached skill level 5 in Spellcasting
 12775 | D:14     | Escaped the Abyss
 12953 | D:13     | Found a shimmering altar of Xom.
 12957 | D:13     | Reached skill level 5 in Armour
 13223 | D:13     | Received a gift from Okawaru
 13256 | D:13     | Reached XP level 15. HP: 95/95 MP: 11/22
 13264 | D:13     | Reached skill level 5 in Invocations
 13280 | D:13     | Found a gate to the Vaults.
 13379 | D:12     | Gained mutation: You have sharp fingernails. [potion of mutation]
 13433 | Orc:2    | Bought a +0 pair of boots of stealth for 195 gold pieces
 13505 | Orc:2    | Bought a potion of heal wounds for 80 gold pieces
 13505 | Orc:2    | Bought a potion of brilliance for 64 gold pieces
 13505 | Orc:2    | Bought a potion of heal wounds for 80 gold pieces
 13505 | Orc:2    | Bought a potion of haste for 160 gold pieces
 13505 | Orc:2    | Bought 2 potions of cancellation for 256 gold pieces
 13505 | Orc:2    | Bought a potion of haste for 160 gold pieces
 13505 | Orc:2    | Bought a potion of resistance for 160 gold pieces
 13507 | Orc:2    | Bought a potion of brilliance for 64 gold pieces
 13507 | Orc:2    | Bought a potion of invisibility for 128 gold pieces
 13555 | Orc:2    | Bought a scroll of teleportation for 39 gold pieces
 13555 | Orc:2    | Bought a scroll of identify for 26 gold pieces
 13555 | Orc:2    | Bought a scroll of recharging for 123 gold pieces
 13555 | Orc:2    | Bought a scroll of identify for 26 gold pieces
 13743 | Lair:1   | Entered Level 1 of the Lair of Beasts
 14228 | Lair:1   | Reached skill level 10 in Evocations
 14552 | Lair:2   | Received a gift from Okawaru
 14584 | Lair:2   | Identified a +0 pair of boots of running (Okawaru gifted it to you on level 2 of the Lair of Beasts)
 14859 | Lair:3   | Found a labyrinth entrance.
 14871 | Lab      | Entered a labyrinth
 15309 | Lab      | Got a scorched lajatang
 15315 | Lab      | Identified the cursed +1 lajatang of the Traitor {slice, rElec rC+ Int+3} (You found it in a labyrinth)
 15356 | Lab      | Learned a level 3 spell: Portal Projectile
 15650 | Lair:3   | Got a fine leather armour
 15876 | Lair:4   | Noticed Snorg
 15926 | Lair:4   | Found a frozen archway.
 15964 | IceCv    | Entered an ice cave
 16143 | IceCv    | Lost mutation: You have sharp fingernails. [potion of mutation]
 16143 | IceCv    | Gained mutation: Your mind is acute. (Int +2) [potion of mutation]
 16144 | IceCv    | Lost mutation: Your mind is acute. (Int +2) [potion of mutation]
 16144 | IceCv    | Gained mutation: You have a pair of small antennae on your head. [potion of mutation]
 16144 | IceCv    | Gained mutation: Your muscles are strong. (Str +2) [potion of mutation]
 16145 | IceCv    | Lost mutation: Your muscles are strong. (Str +2) [potion of mutation]
 16145 | IceCv    | Lost mutation: You have a pair of small antennae on your head. [potion of mutation]
 16146 | IceCv    | Gained mutation: Your magical capacity is low. (-10% MP) [potion of mutation]
 16147 | IceCv    | Lost mutation: Your magical capacity is low. (-10% MP) [potion of mutation]
 16147 | IceCv    | Gained mutation: You occasionally shout uncontrollably at your foes. [potion of mutation]
 16147 | IceCv    | Gained mutation: Your flesh is heat resistant. (rF+) [potion of mutation]
 16148 | IceCv    | Lost mutation: You occasionally shout uncontrollably at your foes. [potion of mutation]
 16148 | IceCv    | Lost mutation: Your flesh is heat resistant. (rF+) [potion of mutation]
 16148 | IceCv    | Gained mutation: You have large cloven feet. [potion of mutation]
 16227 | IceCv    | Noticed a frost giant
 16273 | IceCv    | Killed a frost giant
 16590 | Lair:4   | Found an opulent altar of Gozag.
 16723 | Lair:4   | Killed Snorg
 16723 | Lair:4   | Received a gift from Okawaru
 16794 | Lair:4   | Found a staircase to the Swamp.
 16848 | Lair:4   | Found a hole to the Spider Nest.
 16983 | Lair:4   | Got a fine dagger
 17087 | Lair:5   | Received a gift from Okawaru
 17286 | Lair:5   | Reached XP level 16. HP: 97/104 MP: 16/24
 17464 | Lair:6   | Entered Level 6 of the Lair of Beasts
 17635 | Lair:6   | Received a gift from Okawaru
 17708 | Lair:6   | Found a staircase to the Slime Pits.
 18267 | Lair:6   | Got a translucent ring mail
 18521 | Spider:1 | Entered Level 1 of the Spider Nest
 18949 | Spider:1 | Identified the +4 ring mail of Evaem {-Cast +Inv rN+++ Str+7} (You found it on level 6 of the Lair of Beasts)
 19229 | Spider:1 | Received a gift from Okawaru
 19536 | Spider:1 | Reached ****** piety under Okawaru
 19709 | Spider:1 | Received a gift from Okawaru
 20375 | Spider:1 | Reached XP level 17. HP: 106/111 MP: 21/27
 20901 | Spider:2 | You fall through a shaft!
 21102 | Spider:3 | Noticed Arachne
 21196 | Spider:3 | Killed Arachne
 21196 | Spider:3 | Received a gift from Okawaru
 21205 | Spider:3 | Got a polished scale mail {god gift}
 21218 | Spider:3 | Identified the +4 scale mail "Otrud" {+Blink Int+3 Dex+4} (Okawaru gifted it to you on level 3 of the Spider Nest)
 21321 | Spider:3 | Noticed Asterion
 21605 | Spider:3 | Killed Asterion
 21605 | Spider:3 | Reached skill level 11 in Stealth
 21918 | Spider:4 | Entered Level 4 of the Spider Nest
 22054 | Spider:4 | Reached skill level 1 in Long Blades
 22169 | Spider:4 | Reached skill level 10 in Armour
 22200 | Spider:4 | Reached skill level 10 in Shields
 22244 | Spider:4 | Noticed loom's ghost (adept MiGl)
 22474 | Spider:4 | Noticed Agnes
 22482 | Spider:4 | Reached skill level 10 in Throwing
 22491 | Spider:4 | Killed Agnes
 22936 | Spider:4 | Received a gift from Okawaru
 22936 | Spider:4 | Reached XP level 18. HP: 118/120 MP: 0/29
 23109 | Spider:4 | Reached skill level 10 in Fighting
 23249 | Spider:4 | Got a gossamer rune of Zot
 23494 | Lair:4   | Identified the +2 leather armour of the Black Moon {*Slow +Fly Int-5 Dex+9} (You found it on level 3 of the Lair of Beasts)
 23505 | Lair:4   | Identified the +3 dagger of Bithoir {freeze, rPois rF+ MR- Int+4} (You found it on level 4 of the Lair of Beasts)
 23607 | Swamp:1  | Entered Level 1 of the Swamp
 23871 | Swamp:1  | Reached skill level 12 in Stealth
 24172 | Swamp:1  | Reached skill level 5 in Long Blades
 24391 | Swamp:2  | Found a transporter.
 24429 | Swamp:2  | Received a gift from Okawaru
 24553 | Swamp:2  | Learned a level 1 spell: Apportation
 24571 | Swamp:2  | Found a transporter.
 24722 | Swamp:2  | Got a fine jade ring
 24739 | Swamp:2  | Got a glittering wooden ring
 24744 | Swamp:2  | Identified the ring "Quathrocat" {+Blink MR- Int+5 Dex+7 Stlth+} (You found it on level 2 of the Swamp)
 24746 | Swamp:2  | Identified the ring of Seheqer {MR+ Str+2 Int+4 SInv} (You found it on level 2 of the Swamp)
 24753 | Swamp:2  | Learned a level 1 spell: Summon Butterflies
 24760 | Swamp:2  | Learned a level 6 spell: Invisibility
 25254 | Swamp:2  | Received a gift from Okawaru
 26127 | Swamp:4  | Entered Level 4 of the Swamp
 26261 | Swamp:4  | Reached XP level 19. HP: 115/126 MP: 22/31
 26422 | Swamp:4  | Reached skill level 13 in Stealth
 26780 | Swamp:4  | Noticed the 27-headed Lernaean hydra
 26937 | Swamp:4  | Received a gift from Okawaru
 27147 | Swamp:4  | Received a gift from Okawaru
 27347 | Swamp:4  | Killed the 27-headed Lernaean hydra
 27347 | Swamp:4  | Reached skill level 14 in Stealth
 27364 | Swamp:4  | Got a decaying rune of Zot
 27642 | Lair:4   | Received a gift from Okawaru
 27750 | Slime:1  | Entered Level 1 of the Pits of Slime
 27790 | Slime:5  | Entered Level 5 of the Pits of Slime
 27897 | Slime:5  | HP: 5/126 [acid blob/splash of acid (14)]
 27897 | Slime:5  | Splashed by an acid blob's acid

Skill      XL: |  1  2  3  4  5  6  7  8  9 10 11 12 13 14 15 16 17 18 19 |
---------------+----------------------------------------------------------+-----
Stealth        | 1 2 3 4 5 6 7 8 9 10 11 12 14 | 14.5
Short Blades   | 3 4 5 6 7 9 10 11 12 | 12.0
Dodging        | 3 4 5 6 7 8 9 10 | 10.0
Charms         | 4 5 6 7 8 9 10 | 10.0
Throwing       | 1 2 3 4 5 6 8 9 10 | 10.0
Necromancy     | 1 2 3 4 5 |  5.0
Evocations     | 1 2 4 5 6 7 8 9 10 | 10.0
Translocations | 1 3 5 |  5.0
Shields        | 1 4 5 7 9 10 11 12 | 12.0
Fighting       | 3 5 6 7 8 9 10 | 10.0
Spellcasting   | 2 4 5 6 7 8 9 |  9.0
Invocations    | 2 4 5 |  5.0
Armour         | 2 5 7 9 10 | 10.0
Long Blades    | 3 6 9 |  9.2

Action                   |  1- 3 |  4- 6 |  7- 9 | 10-12 | 13-15 | 16-18 | 19-21 || total
-------------------------+-------+-------+-------+-------+-------+-------+-------++-------
Melee: Short sword       |    74 |   270 |   166 |   583 |  1047 |  1821 |   502 ||  4463
       Dagger            |       |       |    25 |       |       |       |       ||    25
       Blowgun           |       |       |       |     6 |       |       |       ||     6
 Fire: Blowgun           |       |     1 |    34 |    57 |    67 |    41 |     7 ||   207
Throw: Tomahawk          |       |     7 |     5 |    13 |    18 |    73 |     1 ||   117
 Cast: Infusion          |    12 |    33 |    23 |    48 |    64 |    93 |    19 ||   292
       Regeneration      |       |       |     3 |    16 |    19 |    53 |    17 ||   108
       Song of Slaying   |       |       |     3 |     5 |     7 |     6 |       ||    21
       Shroud of Golubri |       |       |     1 |    15 |     8 |    20 |     1 ||    45
       Spectral Weapon   |       |       |       |       |     1 |    10 |       ||    11
Invok: Heroism           |       |       |       |     8 |    29 |    24 |     9 ||    70
 Abil: Evoke Flight      |       |       |       |       |       |     8 |     1 ||     9
Evoke: Wand              |       |       |       |     7 |     4 |    20 |    15 ||    46
       Fan of gales      |       |       |       |       |       |     2 |     1 ||     3
  Use: Scroll            |     1 |     3 |    10 |     9 |    18 |    19 |     6 ||    66
       Potion            |       |       |       |     4 |    15 |    22 |     5 ||    46
 Stab: Sleeping          |     2 |     1 |    10 |    12 |    52 |    59 |     2 ||   138
       Distracted        |       |       |       |     1 |     3 |     8 |     2 ||    14
       Paralysed         |       |       |       |       |     2 |       |       ||     2
       Confused          |       |       |       |       |       |       |     1 ||     1
  Eat: Chunk             |       |     6 |    10 |    20 |    17 |     8 |       ||    61
       Fruit             |       |       |       |     4 |     4 |     3 |       ||    11
       Royal jelly       |       |       |       |       |     3 |     4 |       ||     7
       Bread ration      |       |       |       |       |       |     4 |     2 ||     6
Armor: Leather armour    |    23 |    58 |    38 |    15 |       |       |       ||   134
       Troll leather arm |       |       |       |    54 |   141 |    91 |   169 ||   455
       Robe              |       |       |       |       |       |   264 |       ||   264
Dodge: Dodged            |    45 |   194 |   149 |   371 |   646 |  1365 |   455 ||  3225
Block: Buckler           |       |       |       |    43 |   104 |       |       ||   147
       Shield            |       |       |       |       |   211 |   977 |   281 ||  1469
